Capitals vs Canadiens

Created - October-22-12 at 19:30

Goals
1 2 3 OT1 SO T
Capitals 2 0 0 0 1 3
Canadiens 0 1 1 0 0 2
Shots
1 2 3 OT1 SO T
Capitals 8 6 8 1 3 23
Canadiens 13 7 8 1 3 29

1st period

1. Capitals , Tomas Fleischmann 1 (Jeff Halpern, Kimmo Timonen) at 5:23
2. Capitals , David Desharnais 2 (Willie Mitchell, Alexander Semin) at 19:41

Penalties :
Pavel Datsyuk (MTL) for Hooking (Minor) at 3:14, Kimmo Timonen (WSH) for Hooking (Minor) at 5:54, Travis Hamonic (MTL) for Slashing (Minor) at 8:16, Cory Sarich (WSH) for Roughing (Minor) at 10:24, Pavel Datsyuk (MTL) for Slashing (Minor) at 15:02, Alexander Ovechkin (WSH) for Hooking (Minor) at 15:02

2nd period

3. Canadiens , Jonathan Toews 3 (Pavel Datsyuk) at 18:48

Penalties :
Alexander Ovechkin (WSH) for Elbowing (Minor) at 0:31, Travis Hamonic (MTL) for Elbowing (Minor) at 9:41, Trent Hunter (WSH) for Roughing (Minor) at 12:07, Dustin Byfuglien (MTL) for Elbowing (Minor) at 14:49, Dustin Byfuglien (MTL) for Interference (Minor) at 19:24, Alexander Ovechkin (WSH) for Hooking (Minor) at 19:24

3rd period

4. Canadiens , Logan Couture 2 (Marc-Edouard Vlasic, Andy McDonald) at 5:23

Penalties :
Jimmy Howard (WSH) for Slashing (Minor) at 13:47 - Willie Mitchell served the penalty.

Overtime #1

No Goal

Penalties :
No Penalty

Shootout

Penalty Shot by Alexander Ovechkin for Capitals - Stopped by Jonas Hiller
Penalty Shot by Jonathan Toews for Canadiens - Stopped by Jimmy Howard
Penalty Shot by David Desharnais for Capitals - Shot Misses the Net
Penalty Shot by Logan Couture for Canadiens - Shot Misses the Net
Penalty Shot by Tomas Fleischmann for Capitals - Goal!
Penalty Shot by Jordan Eberle for Canadiens - Stopped by Jimmy Howard

Penalties :
No Penalty

Goalie Stats

Jimmy Howard (WSH), 27 saves from 29 shots - (0.931), W, 6-0-0, 65:00 minutes
Jonas Hiller (MTL), 21 saves from 23 shots - (0.913), OTL, 2-4-1, 65:00 minutes

Players Stats for Capitals

Player Name              G  A  P  +/- PIM S  H  SB GA TA FO     MP     PP MP  PK MP  
------------------------------------------------------------------------------------
Alexander Ovechkin       0  0  0  -2  6   0  6  0  0  0  1/2    24:08   4:07   4:11 
Alexander Semin          0  1  1   1  0   7  2  0  0  0  0/0    23:05   5:11   1:08 
Cory Sarich              0  0  0   1  2   0  1  0  0  0  0/0     4:27   0:00   0:00 
David Desharnais         1  0  1   1  0   2  0  0  0  0  11/28  24:48   4:30   3:32 
Douglas Murray           0  0  0   0  0   0  1  0  0  0  0/0    12:08   0:00   0:00 
Jeff Halpern             0  1  1   1  0   2  1  0  0  0  11/24  19:02   1:38   5:50 
Jiri Tlusty              0  0  0   0  0   0  0  0  0  0  0/0     5:11   0:00   0:00 
Kimmo Timonen            0  1  1   0  2   0  1  1  0  0  0/0    24:19   0:00   3:31 
Marc Methot              0  0  0   0  0   0  1  0  0  0  0/0    16:10   3:37   2:07 
Mathieu Perreault        0  0  0   0  0   0  0  0  0  0  3/7     5:11   0:00   0:00 
Matt Stajan              0  0  0  -2  0   0  1  0  0  0  10/21  18:47   3:26   1:43 
Mike Green               0  0  0  -1  0   0  0  0  0  0  0/0    25:07   4:19   4:27 
Ryan McDonagh            0  0  0   0  0   1  1  1  0  0  0/0    19:40   0:00   5:28 
Ryane Clowe              0  0  0  -2  0   0  1  0  0  0  0/0    18:36   4:30   3:24 
Taylor Hall              0  0  0   1  0   3  2  0  0  0  1/2    18:27   4:45   0:02 
Tomas Fleischmann        1  0  1   1  0   5  0  0  0  0  1/1    11:34   0:00   0:00 
Trent Hunter             0  0  0   1  2   1  2  0  0  0  0/0    11:33   0:00   0:00 
Willie Mitchell          0  1  1   0  0   2  1  3  0  0  0/0    23:48   3:37   4:17 

Players Stats for Canadiens

Player Name              G  A  P  +/- PIM S  H  SB GA TA FO     MP     PP MP  PK MP  
------------------------------------------------------------------------------------
Alex Goligoski           0  0  0   1  0   1  0  2  0  0  0/0    20:03   5:06   0:46 
Andrei Kostitsyn         0  0  0   0  0   1  2  0  0  0  0/0    11:17   0:00   0:00 
Andy McDonald            0  1  1   0  0   1  0  0  0  0  1/4    19:09   4:32   1:17 
Boyd Gordon              0  0  0   0  0   0  0  0  0  0  4/9    14:31   0:00   2:39 
Brandon Dubinsky         0  0  0   0  0   3  0  0  0  0  0/1    10:33   0:00   5:17 
Cal Clutterbuck          0  0  0   0  0   0  1  0  0  0  0/1     2:57   0:00   0:00 
David Clarkson           0  0  0   0  0   1  5  0  0  0  0/1    16:30   4:32   0:00 
Dennis Wideman           0  0  0   0  0   1  2  1  0  0  0/0    25:51   4:49   4:03 
Derek Morris             0  0  0   0  0   0  0  1  0  0  0/0     4:24   0:00   1:38 
Dustin Byfuglien         0  0  0   0  4   2  1  1  0  0  0/0    27:28   4:49   1:57 
Jonathan Toews           1  0  1   0  0   6  1  0  0  0  23/37  23:22   5:23   0:00 
Jordan Eberle            0  0  0   0  0   3  0  0  0  0  1/1    17:22   5:23   0:00 
Logan Couture            1  0  1   0  0   5  0  0  0  0  12/19  19:35   4:32   0:00 
Marc-Edouard Vlasic      0  1  1   0  0   0  1  0  0  0  0/0    25:50   0:00   5:14 
Mason Raymond            0  0  0   0  0   0  0  0  0  0  1/2     2:57   0:00   0:00 
Pascal Dupuis            0  0  0   0  0   3  1  0  0  0  1/1    15:15   0:00   2:39 
Pavel Datsyuk            0  1  1   0  4   2  1  2  0  0  4/9    25:56   5:23   4:00 
Travis Hamonic           0  0  0  -1  4   0  3  1  0  0  0/0    25:00   5:06   2:14 

3 Stars

1 - Tomas Fleischmann (WSH)
2 - David Desharnais (WSH)
3 - Jonathan Toews (MTL)

Power Play

Capitals - 0 on 4 Attempt(s) - 0.00%
Canadiens - 0 on 5 Attempt(s) - 0.00%

Penalty Kill

Capitals - 5 on 5 Attempt(s) - 100.00% - Score 0 goal in Penalty Kill
Canadiens - 4 on 4 Attempt(s) - 100.00% - Score 0 goal in Penalty Kill

Official

Referees : Chris Lee and Dean Morton
Linesman : Jean Morin and Mark Wheler

Game Notes

Derek Morris is injured at 17:37 of 1st period (Bruised Right Shoulder)
Andy McDonald is injured at 1:33 of 1st overtime period (Sprained Left Ankle)

Finance

Level 1 -- Attendance: 5858 (90.12%) -- Ticket Income $585,800
Level 2 -- Attendance: 5000 (100.00%) -- Ticket Income $300,000
Level 3 -- Attendance: 3500 (100.00%) -- Ticket Income $122,500
Level 4 -- Attendance: 3109 (58.96%) -- Ticket Income $62,180
Luxury Box -- Attendance: 1000 (100.00%) -- Ticket Income $175,000
Game was played at the Bell Centre
Total Attendance: 18467 (86.81%)
Total Ticket Income: $1,245,480
Other Income: $186,822
Total Income: $1,432,302


% Time on Ice - Capitals

Lines # - Real PCT - Wanted PCT - Time Play
Normal Forward
1 - 28% - 40% - 10:42
2 - 28% - 30% - 10:44
3 - 30% - 20% - 11:34
4 - 14% - 10% - 5:11
Normal Defense
1 - 29% - 40% - 11:09
2 - 32% - 30% - 12:08
3 - 27% - 20% - 10:26
4 - 12% - 10% - 4:28
PP Forward
1 - 57% - 60% - 4:30
2 - 43% - 40% - 3:26
PP Defense
1 - 54% - 60% - 4:19
2 - 46% - 40% - 3:37
PK Forward
1 - 66% - 60% - 6:31
2 - 34% - 40% - 3:24
PK Defense
1 - 45% - 60% - 4:27
2 - 55% - 40% - 5:28
PK3 Forward
1 - 0% - 60%
2 - 0% - 40%
PK3 Defense
1 - 0% - 60%
2 - 0% - 40%
44 Forward
1 - 67% - 60% - 6:02
2 - 33% - 40% - 2:56
44 Defense
1 - 58% - 60% - 5:12
2 - 42% - 40% - 3:46
Last Minute Offensive  - 0:00
Last Minute Defensive  - 0:00
Total
Forward - 65:00
Defense - 65:00

% Time on Ice - Canadiens

Lines # - Real PCT - Wanted PCT - Time Play
Normal Forward
1 - 31% - 35% - 11:59
2 - 31% - 33% - 11:58
3 - 30% - 27% - 11:17
4 - 8% - 5% - 2:57
Normal Defense
1 - 26% - 35% - 9:46
2 - 34% - 35% - 12:59
3 - 36% - 20% - 13:43
4 - 4% - 10% - 1:43
PP Forward
1 - 54% - 60% - 5:23
2 - 46% - 40% - 4:32
PP Defense
1 - 49% - 60% - 4:49
2 - 51% - 40% - 5:06
PK Forward
1 - 67% - 60% - 5:21
2 - 33% - 40% - 2:35
PK Defense
1 - 50% - 50% - 3:57
2 - 50% - 50% - 3:59
PK3 Forward
1 - 0% - 60%
2 - 0% - 40%
PK3 Defense
1 - 0% - 60%
2 - 0% - 40%
44 Forward
1 - 73% - 60% - 6:35
2 - 27% - 40% - 2:23
44 Defense
1 - 49% - 60% - 4:25
2 - 51% - 40% - 4:33
Last Minute Offensive  - 0:00
Last Minute Defensive  - 0:00
Total
Forward - 65:00
Defense - 65:00

Play by Play

1st period


0:01 of 1st period - Matt Stajan wins face-off versus Jonathan Toews in neutral zone.
0:17 of 1st period - Shot by Alexander Ovechkin.
0:17 of 1st period - Shot Misses the Net.
0:37 of 1st period - Shot by Ryane Clowe.
0:37 of 1st period - Shot Misses the Net.
1:07 of 1st period - Shot by David Clarkson.
1:07 of 1st period - Shot Blocked by Willie Mitchell.
1:40 of 1st period - Icing by Travis Hamonic.
1:41 of 1st period - Jeff Halpern wins face-off versus Logan Couture in Canadiens zone.
2:12 of 1st period - Shot by Pascal Dupuis.
2:12 of 1st period - Stopped by Jimmy Howard without a rebound.
2:13 of 1st period - Boyd Gordon wins face-off versus Mathieu Perreault in Capitals zone.
2:16 of 1st period - Shot by Derek Morris.
2:16 of 1st period - Shot Misses the Net.
2:36 of 1st period - Mathieu Perreault is hit by Pascal Dupuis and loses puck.
3:12 of 1st period - Icing by Kimmo Timonen.
3:13 of 1st period - Mathieu Perreault wins face-off versus Jonathan Toews in Capitals zone.
3:13 of 1st period - Mathieu Perreault is hit by Pavel Datsyuk.
3:14 of 1st period - Minor Penalty to Pavel Datsyuk for Hooking.
3:15 of 1st period - David Desharnais wins face-off versus Andy McDonald in Canadiens zone.
3:51 of 1st period - Shot by Alexander Semin.
3:51 of 1st period - Shot Misses the Net.
4:31 of 1st period - Shot by Jeff Halpern.
4:31 of 1st period - Stopped by Jonas Hiller without a rebound.
4:32 of 1st period - Boyd Gordon wins face-off versus David Desharnais in Canadiens zone.
5:21 of 1st period - Shot by Jeff Halpern.
5:21 of 1st period - Shot Blocked by Dennis Wideman.
5:23 of 1st period - Shot by Tomas Fleischmann.
5:23 of 1st period - Goal by Tomas Fleischmann - Capitals : 1 - Canadiens : 0.
5:24 of 1st period - Pavel Datsyuk wins face-off versus Mathieu Perreault in neutral zone.
5:54 of 1st period - Minor Penalty to Kimmo Timonen for Hooking.
5:55 of 1st period - Jeff Halpern wins face-off versus Andy McDonald in Capitals zone.
5:55 of 1st period - Jeff Halpern is hit by David Clarkson.
6:04 of 1st period - Off-side.
6:05 of 1st period - Jeff Halpern wins face-off versus Jonathan Toews in neutral zone.
6:08 of 1st period - Pavel Datsyuk is hit by Alexander Ovechkin and loses puck.
6:31 of 1st period - Shot by Jonathan Toews.
6:31 of 1st period - Shot Misses the Net.
6:33 of 1st period - Shot by Dennis Wideman.
6:33 of 1st period - Stopped by Jimmy Howard without a rebound.
6:34 of 1st period - David Desharnais wins face-off versus Andy McDonald in Capitals zone.
7:24 of 1st period - Off-side.
7:25 of 1st period - Alexander Ovechkin wins face-off versus Jonathan Toews in neutral zone.
7:43 of 1st period - Shot by Jordan Eberle.
7:43 of 1st period - Stopped by Jimmy Howard without a rebound.
7:44 of 1st period - Jonathan Toews wins face-off versus Jeff Halpern in Capitals zone.
7:47 of 1st period - Shot by Jordan Eberle.
7:47 of 1st period - Stopped by Jimmy Howard without a rebound.
7:48 of 1st period - Jeff Halpern wins face-off versus Jonathan Toews in Capitals zone.
8:16 of 1st period - Minor Penalty to Travis Hamonic for Slashing.
8:17 of 1st period - Pavel Datsyuk wins face-off versus David Desharnais in Canadiens zone.
8:29 of 1st period - Shot by David Desharnais.
8:29 of 1st period - Shot Misses the Net.
8:35 of 1st period - Shot by Taylor Hall.
8:35 of 1st period - Stopped by Jonas Hiller without a rebound.
8:36 of 1st period - Pavel Datsyuk wins face-off versus Matt Stajan in Canadiens zone.
8:36 of 1st period - Pavel Datsyuk is hit by Alexander Ovechkin.
8:58 of 1st period - Shot by Willie Mitchell.
8:58 of 1st period - Shot Blocked by Pavel Datsyuk.
9:00 of 1st period - Shot by Willie Mitchell.
9:00 of 1st period - Stopped by Jonas Hiller without a rebound.
9:01 of 1st period - Pascal Dupuis wins face-off versus David Desharnais in Canadiens zone.
10:24 of 1st period - Minor Penalty to Cory Sarich for Roughing.
10:25 of 1st period - Jeff Halpern wins face-off versus Logan Couture in Capitals zone.
11:06 of 1st period - Shot by Logan Couture.
11:06 of 1st period - Stopped by Jimmy Howard with a rebound.
11:44 of 1st period - Shot by Jordan Eberle.
11:44 of 1st period - Stopped by Jimmy Howard without a rebound.
11:45 of 1st period - Jonathan Toews wins face-off versus David Desharnais in Capitals zone.
12:45 of 1st period - Shot by Andrei Kostitsyn.
12:45 of 1st period - Stopped by Jimmy Howard without a rebound.
12:46 of 1st period - Logan Couture wins face-off versus Jeff Halpern in Capitals zone.
14:05 of 1st period - Shot by Alexander Semin.
14:05 of 1st period - Stopped by Jonas Hiller with a rebound.
14:07 of 1st period - Shot by Taylor Hall.
14:07 of 1st period - Shot Misses the Net.
14:09 of 1st period - Shot by David Desharnais.
14:09 of 1st period - Shot Misses the Net.
14:18 of 1st period - Icing by Pascal Dupuis.
14:19 of 1st period - Boyd Gordon wins face-off versus Matt Stajan in Canadiens zone.
14:19 of 1st period - Boyd Gordon is hit by Alexander Ovechkin.
14:35 of 1st period - Douglas Murray is hit by Dennis Wideman and loses puck.
15:02 of 1st period - Minor Penalty to Pavel Datsyuk for Slashing.
15:02 of 1st period - Minor Penalty to Alexander Ovechkin for Hooking.
15:03 of 1st period - Jonathan Toews wins face-off versus David Desharnais in neutral zone.
15:42 of 1st period - Shot by Logan Couture.
15:42 of 1st period - Shot Misses the Net.
15:44 of 1st period - Shot by Jonathan Toews.
15:44 of 1st period - Stopped by Jimmy Howard without a rebound.
15:45 of 1st period - Jonathan Toews wins face-off versus Matt Stajan in Capitals zone.
15:45 of 1st period - Dustin Byfuglien is hit by Ryan McDonagh and loses puck.
15:48 of 1st period - Shot by Jonathan Toews.
15:48 of 1st period - Stopped by Jimmy Howard with a rebound.
15:50 of 1st period - Shot by Dustin Byfuglien.
15:50 of 1st period - Stopped by Jimmy Howard with a rebound.
15:52 of 1st period - Shot by Jonathan Toews.
15:52 of 1st period - Shot Misses the Net.
15:54 of 1st period - Shot by Brandon Dubinsky.
15:54 of 1st period - Stopped by Jimmy Howard with a rebound.
15:56 of 1st period - Shot by Dustin Byfuglien.
15:56 of 1st period - Shot Blocked by Willie Mitchell.
16:10 of 1st period - Shot by Jonathan Toews.
16:10 of 1st period - Shot Misses the Net.
16:19 of 1st period - Dustin Byfuglien is hit by Matt Stajan and loses puck.
17:37 of 1st period - Shot by Tomas Fleischmann.
17:37 of 1st period - Shot Blocked by Derek Morris.
17:37 of 1st period - Derek Morris from Canadiens is injured at 17:37 of 1st period (Bruised Right Shoulder).
17:38 of 1st period - Mason Raymond wins face-off versus Alexander Ovechkin in Canadiens zone.
18:08 of 1st period - Shot by Brandon Dubinsky.
18:08 of 1st period - Stopped by Jimmy Howard without a rebound.
18:09 of 1st period - Logan Couture wins face-off versus David Desharnais in Capitals zone.
18:32 of 1st period - Shot by Taylor Hall.
18:32 of 1st period - Stopped by Jonas Hiller without a rebound.
18:33 of 1st period - Jonathan Toews wins face-off versus Matt Stajan in Canadiens zone.
18:35 of 1st period - Icing by Alex Goligoski.
18:36 of 1st period - Jonathan Toews wins face-off versus Matt Stajan in Canadiens zone.
18:36 of 1st period - Jonathan Toews is hit by Alexander Ovechkin.
19:11 of 1st period - Pavel Datsyuk is hit by Alexander Ovechkin and loses puck.
19:18 of 1st period - Shot by Pavel Datsyuk.
19:18 of 1st period - Stopped by Jimmy Howard without a rebound.
19:19 of 1st period - Andy McDonald wins face-off versus David Desharnais in Capitals zone.
19:41 of 1st period - Shot by David Desharnais.
19:41 of 1st period - Goal by David Desharnais - Capitals : 2 - Canadiens : 0.
19:42 of 1st period - Jeff Halpern wins face-off versus Boyd Gordon in neutral zone.
19:45 of 1st period - Shot by Ryan McDonagh.
19:45 of 1st period - Stopped by Jonas Hiller without a rebound.
19:46 of 1st period - Jonathan Toews wins face-off versus Jeff Halpern in Canadiens zone.
19:46 of 1st period - Jonathan Toews is hit by Trent Hunter.

2nd period


0:01 of 2nd period - Jonathan Toews wins face-off versus Matt Stajan in neutral zone.
0:31 of 2nd period - Minor Penalty to Alexander Ovechkin for Elbowing.
0:32 of 2nd period - Logan Couture wins face-off versus Jeff Halpern in Capitals zone.
0:35 of 2nd period - Shot by Logan Couture.
0:35 of 2nd period - Stopped by Jimmy Howard without a rebound.
0:36 of 2nd period - Logan Couture wins face-off versus Jeff Halpern in Capitals zone.
0:39 of 2nd period - Shot by Alex Goligoski.
0:39 of 2nd period - Stopped by Jimmy Howard without a rebound.
0:40 of 2nd period - Jonathan Toews wins face-off versus Jeff Halpern in Capitals zone.
6:55 of 2nd period - Taylor Hall is hit by David Clarkson and loses puck.
7:37 of 2nd period - Icing by Kimmo Timonen.
7:38 of 2nd period - Jeff Halpern wins face-off versus Cal Clutterbuck in Capitals zone.
7:49 of 2nd period - Shot by Trent Hunter.
7:49 of 2nd period - Stopped by Jonas Hiller without a rebound.
7:50 of 2nd period - Jonathan Toews wins face-off versus Mathieu Perreault in Canadiens zone.
8:43 of 2nd period - Icing by Marc Methot.
8:44 of 2nd period - Tomas Fleischmann wins face-off versus Logan Couture in Capitals zone.
9:06 of 2nd period - Shot by David Clarkson.
9:06 of 2nd period - Stopped by Jimmy Howard without a rebound.
9:07 of 2nd period - David Desharnais wins face-off versus Boyd Gordon in Capitals zone.
9:07 of 2nd period - David Desharnais is hit by Andrei Kostitsyn.
9:30 of 2nd period - Andrei Kostitsyn is hit by Douglas Murray and loses puck.
9:39 of 2nd period - Shot by Alexander Semin.
9:39 of 2nd period - Stopped by Jonas Hiller without a rebound.
9:40 of 2nd period - Matt Stajan wins face-off versus Logan Couture in Canadiens zone.
9:40 of 2nd period - Matt Stajan is hit by Travis Hamonic.
9:41 of 2nd period - Minor Penalty to Travis Hamonic for Elbowing.
9:42 of 2nd period - Pavel Datsyuk wins face-off versus Taylor Hall in Canadiens zone.
10:12 of 2nd period - Icing by Mike Green.
10:13 of 2nd period - Taylor Hall wins face-off versus Pavel Datsyuk in Capitals zone.
11:30 of 2nd period - Shot by David Desharnais.
11:30 of 2nd period - Shot Blocked by Alex Goligoski.
11:48 of 2nd period - Shot by Tomas Fleischmann.
11:48 of 2nd period - Stopped by Jonas Hiller without a rebound.
11:49 of 2nd period - Logan Couture wins face-off versus Jeff Halpern in Canadiens zone.
11:49 of 2nd period - Logan Couture is hit by Trent Hunter.
12:07 of 2nd period - Minor Penalty to Trent Hunter for Roughing.
12:08 of 2nd period - Jonathan Toews wins face-off versus Jeff Halpern in Capitals zone.
13:14 of 2nd period - Icing by David Clarkson.
13:15 of 2nd period - Jeff Halpern wins face-off versus Logan Couture in Canadiens zone.
13:32 of 2nd period - Shot by Andy McDonald.
13:32 of 2nd period - Stopped by Jimmy Howard without a rebound.
13:33 of 2nd period - David Desharnais wins face-off versus Jonathan Toews in Capitals zone.
14:23 of 2nd period - Off-side.
14:24 of 2nd period - Logan Couture wins face-off versus Matt Stajan in neutral zone.
14:49 of 2nd period - Minor Penalty to Dustin Byfuglien for Elbowing.
14:50 of 2nd period - David Desharnais wins face-off versus Pavel Datsyuk in Canadiens zone.
14:59 of 2nd period - Shot by Alexander Semin.
14:59 of 2nd period - Shot Blocked by Travis Hamonic.
15:01 of 2nd period - Shot by David Desharnais.
15:01 of 2nd period - Shot Misses the Net.
16:21 of 2nd period - Shot by Willie Mitchell.
16:21 of 2nd period - Stopped by Jonas Hiller without a rebound.
16:22 of 2nd period - Matt Stajan wins face-off versus Pavel Datsyuk in Canadiens zone.
16:27 of 2nd period - Shot by Alexander Semin.
16:27 of 2nd period - Stopped by Jonas Hiller without a rebound.
16:28 of 2nd period - Matt Stajan wins face-off versus Pavel Datsyuk in Canadiens zone.
17:24 of 2nd period - Andy McDonald is hit by Cory Sarich.
17:57 of 2nd period - Icing by Marc-Edouard Vlasic.
17:58 of 2nd period - Boyd Gordon wins face-off versus Matt Stajan in Canadiens zone.
18:23 of 2nd period - Shot by Pascal Dupuis.
18:23 of 2nd period - Stopped by Jimmy Howard with a rebound.
18:48 of 2nd period - Shot by Jonathan Toews.
18:48 of 2nd period - Goal by Jonathan Toews - Capitals : 2 - Canadiens : 1.
18:49 of 2nd period - Jonathan Toews wins face-off versus David Desharnais in neutral zone.
19:07 of 2nd period - Shot by David Desharnais.
19:07 of 2nd period - Shot Blocked by Pavel Datsyuk.
19:09 of 2nd period - Shot by Alexander Semin.
19:09 of 2nd period - Stopped by Jonas Hiller without a rebound.
19:10 of 2nd period - Logan Couture wins face-off versus Mathieu Perreault in Canadiens zone.
19:21 of 2nd period - Shot by Alexander Ovechkin.
19:21 of 2nd period - Shot Blocked by Alex Goligoski.
19:23 of 2nd period - Shot by Mathieu Perreault.
19:23 of 2nd period - Shot Blocked by Dustin Byfuglien.
19:24 of 2nd period - Minor Penalty to Dustin Byfuglien for Interference.
19:24 of 2nd period - Minor Penalty to Alexander Ovechkin for Hooking.
19:25 of 2nd period - Jonathan Toews wins face-off versus David Desharnais in Canadiens zone.
19:38 of 2nd period - Shot by Jonathan Toews.
19:38 of 2nd period - Stopped by Jimmy Howard without a rebound.
19:39 of 2nd period - Jonathan Toews wins face-off versus David Desharnais in Capitals zone.
19:57 of 2nd period - Icing by Kimmo Timonen.
19:58 of 2nd period - David Desharnais wins face-off versus Jonathan Toews in Capitals zone.

3rd period


0:01 of 3rd period - David Desharnais wins face-off versus Jonathan Toews in neutral zone.
0:20 of 3rd period - Shot by Alexander Semin.
0:20 of 3rd period - Stopped by Jonas Hiller with a rebound.
0:22 of 3rd period - Shot by Mike Green.
0:22 of 3rd period - Shot Misses the Net.
0:26 of 3rd period - Shot by Alexander Semin.
0:26 of 3rd period - Shot Misses the Net.
0:36 of 3rd period - Shot by David Desharnais.
0:36 of 3rd period - Deflect By Alexander Semin.
0:36 of 3rd period - Stopped by Jonas Hiller without a rebound.
0:37 of 3rd period - David Desharnais wins face-off versus Jonathan Toews in Canadiens zone.
1:46 of 3rd period - Shot by Tomas Fleischmann.
1:46 of 3rd period - Stopped by Jonas Hiller with a rebound.
1:48 of 3rd period - Shot by Jeff Halpern.
1:48 of 3rd period - Stopped by Jonas Hiller without a rebound.
1:49 of 3rd period - Matt Stajan wins face-off versus Logan Couture in Canadiens zone.
1:53 of 3rd period - Icing by Dustin Byfuglien.
1:54 of 3rd period - Matt Stajan wins face-off versus Logan Couture in Canadiens zone.
2:37 of 3rd period - Shot by Andy McDonald.
2:37 of 3rd period - Deflect By Logan Couture.
2:37 of 3rd period - Stopped by Jimmy Howard with a rebound.
2:56 of 3rd period - Off-side.
2:57 of 3rd period - Jonathan Toews wins face-off versus David Desharnais in neutral zone.
2:57 of 3rd period - Jonathan Toews is hit by Taylor Hall.
3:23 of 3rd period - Shot by Jordan Eberle.
3:23 of 3rd period - Deflect By Jonathan Toews.
3:23 of 3rd period - Shot Misses the Net.
5:23 of 3rd period - Shot by Logan Couture.
5:23 of 3rd period - Goal by Logan Couture - Capitals : 2 - Canadiens : 2.
5:24 of 3rd period - Mathieu Perreault wins face-off versus Pavel Datsyuk in neutral zone.
5:58 of 3rd period - Icing by Kimmo Timonen.
5:59 of 3rd period - Mathieu Perreault wins face-off versus Mason Raymond in Capitals zone.
6:37 of 3rd period - Marc-Edouard Vlasic is hit by Alexander Semin and loses puck.
6:42 of 3rd period - Douglas Murray is hit by Cal Clutterbuck and loses puck.
7:23 of 3rd period - Shot by Tomas Fleischmann.
7:23 of 3rd period - Stopped by Jonas Hiller with a rebound.
7:25 of 3rd period - Shot by Tomas Fleischmann.
7:25 of 3rd period - Stopped by Jonas Hiller with a rebound.
7:32 of 3rd period - Tomas Fleischmann is hit by Dennis Wideman and loses puck.
7:59 of 3rd period - Icing by Marc Methot.
8:00 of 3rd period - Jeff Halpern wins face-off versus Boyd Gordon in Capitals zone.
8:00 of 3rd period - Jeff Halpern is hit by Andrei Kostitsyn.
9:34 of 3rd period - Icing by Mike Green.
9:35 of 3rd period - Logan Couture wins face-off versus Matt Stajan in Capitals zone.
10:02 of 3rd period - Shot by Andy McDonald.
10:02 of 3rd period - Shot Blocked by Willie Mitchell.
10:26 of 3rd period - Shot by Taylor Hall.
10:26 of 3rd period - Deflect By Alexander Semin.
10:26 of 3rd period - Stopped by Jonas Hiller without a rebound.
10:27 of 3rd period - Jordan Eberle wins face-off versus Jeff Halpern in Canadiens zone.
10:29 of 3rd period - Pavel Datsyuk is hit by Jeff Halpern and loses puck.
10:39 of 3rd period - Pavel Datsyuk is hit by Marc Methot and loses puck.
10:46 of 3rd period - Shot by Pavel Datsyuk.
10:46 of 3rd period - Shot Misses the Net.
10:48 of 3rd period - Shot by Jonathan Toews.
10:48 of 3rd period - Stopped by Jimmy Howard without a rebound.
10:49 of 3rd period - David Desharnais wins face-off versus Boyd Gordon in Capitals zone.
11:12 of 3rd period - Shot by Pascal Dupuis.
11:12 of 3rd period - Stopped by Jimmy Howard without a rebound.
11:13 of 3rd period - Jonathan Toews wins face-off versus Jeff Halpern in Capitals zone.
11:29 of 3rd period - Tomas Fleischmann is hit by Dustin Byfuglien and loses puck.
11:48 of 3rd period - Shot by Jeff Halpern.
11:48 of 3rd period - Shot Misses the Net.
12:05 of 3rd period - Icing by Marc Methot.
12:06 of 3rd period - Logan Couture wins face-off versus Jeff Halpern in Capitals zone.
12:28 of 3rd period - Marc-Edouard Vlasic is hit by Ryane Clowe and loses puck.
12:51 of 3rd period - Shot by Logan Couture.
12:51 of 3rd period - Deflect By David Clarkson.
12:51 of 3rd period - Shot Misses the Net.
13:07 of 3rd period - Mike Green is hit by David Clarkson.
13:08 of 3rd period - Icing by Mike Green.
13:09 of 3rd period - Matt Stajan wins face-off versus Jonathan Toews in Capitals zone.
13:21 of 3rd period - Icing by Dustin Byfuglien.
13:22 of 3rd period - Jonathan Toews wins face-off versus David Desharnais in Canadiens zone.
13:47 of 3rd period - Shot by Pavel Datsyuk.
13:47 of 3rd period - Stopped by Jimmy Howard without a rebound.
13:47 of 3rd period - Minor Penalty to Jimmy Howard for Slashing.
13:48 of 3rd period - Logan Couture wins face-off versus Jeff Halpern in Capitals zone.
13:51 of 3rd period - Shot by Alex Goligoski.
13:51 of 3rd period - Shot Blocked by Ryan McDonagh.
13:53 of 3rd period - Shot by David Clarkson.
13:53 of 3rd period - Shot Misses the Net.
13:55 of 3rd period - Shot by Logan Couture.
13:55 of 3rd period - Deflect By Andy McDonald.
13:55 of 3rd period - Shot Misses the Net.
14:40 of 3rd period - Shot by Jonathan Toews.
14:40 of 3rd period - Shot Blocked by Kimmo Timonen.
14:42 of 3rd period - Shot by Dustin Byfuglien.
14:42 of 3rd period - Shot Misses the Net.
14:44 of 3rd period - Shot by Dustin Byfuglien.
14:44 of 3rd period - Stopped by Jimmy Howard without a rebound.
14:45 of 3rd period - Jeff Halpern wins face-off versus Jonathan Toews in Capitals zone.
15:52 of 3rd period - Willie Mitchell is hit by Marc-Edouard Vlasic and loses puck.
16:18 of 3rd period - Shot by David Desharnais.
16:18 of 3rd period - Stopped by Jonas Hiller without a rebound.
16:19 of 3rd period - Matt Stajan wins face-off versus Brandon Dubinsky in Canadiens zone.
16:27 of 3rd period - Dennis Wideman is hit by Alexander Ovechkin and loses puck.
16:36 of 3rd period - Shot by Brandon Dubinsky.
16:36 of 3rd period - Stopped by Jimmy Howard without a rebound.
16:37 of 3rd period - Jeff Halpern wins face-off versus David Clarkson in Capitals zone.
16:51 of 3rd period - Icing by Ryan McDonagh.
16:52 of 3rd period - Jonathan Toews wins face-off versus Jeff Halpern in Capitals zone.
17:44 of 3rd period - Ryan McDonagh is hit by David Clarkson and loses puck.
17:54 of 3rd period - Icing by Marc-Edouard Vlasic.
17:55 of 3rd period - Logan Couture wins face-off versus Matt Stajan in Canadiens zone.
18:02 of 3rd period - Kimmo Timonen is hit by David Clarkson and loses puck.
18:11 of 3rd period - Shot by Logan Couture.
18:11 of 3rd period - Stopped by Jimmy Howard without a rebound.
18:12 of 3rd period - David Desharnais wins face-off versus Boyd Gordon in Capitals zone.
19:00 of 3rd period - Icing by Douglas Murray.
19:01 of 3rd period - Jonathan Toews wins face-off versus David Desharnais in Capitals zone.
19:26 of 3rd period - Jordan Eberle is hit by Alexander Semin and loses puck.
19:30 of 3rd period - Icing by Jonathan Toews.
19:31 of 3rd period - Matt Stajan wins face-off versus Jonathan Toews in Canadiens zone.
19:31 of 3rd period - Alexander Ovechkin is hit by Travis Hamonic and loses puck.
19:35 of 3rd period - Icing by Travis Hamonic.
19:36 of 3rd period - Matt Stajan wins face-off versus Jonathan Toews in Canadiens zone.

Overtime #1


0:01 of 1st overtime period - David Desharnais wins face-off versus Jonathan Toews in neutral zone.
0:10 of 1st overtime period - Dennis Wideman is hit by Kimmo Timonen and loses puck.
1:13 of 1st overtime period - Logan Couture is hit by Taylor Hall and loses puck.
1:32 of 1st overtime period - Andy McDonald is hit by Willie Mitchell and loses puck.
1:33 of 1st overtime period - Andy McDonald from Canadiens is injured at 1:33 of 1st overtime period (Sprained Left Ankle).
1:34 of 1st overtime period - Jonathan Toews wins face-off versus David Desharnais in Capitals zone.
1:41 of 1st overtime period - Shot by Pavel Datsyuk.
1:41 of 1st overtime period - Shot Misses the Net.
1:46 of 1st overtime period - Off-side.
1:47 of 1st overtime period - Jonathan Toews wins face-off versus David Desharnais in neutral zone.
1:53 of 1st overtime period - Shot by Jonathan Toews.
1:53 of 1st overtime period - Stopped by Jimmy Howard without a rebound.
1:54 of 1st overtime period - Jonathan Toews wins face-off versus Matt Stajan in Capitals zone.
2:17 of 1st overtime period - Shot by Taylor Hall.
2:17 of 1st overtime period - Stopped by Jonas Hiller without a rebound.
2:18 of 1st overtime period - Jonathan Toews wins face-off versus David Desharnais in Canadiens zone.
2:36 of 1st overtime period - Kimmo Timonen is hit by Jonathan Toews and loses puck.
3:40 of 1st overtime period - Off-side.
3:41 of 1st overtime period - Logan Couture wins face-off versus David Desharnais in neutral zone.
4:49 of 1st overtime period - Taylor Hall is hit by Travis Hamonic.
4:55 of 1st overtime period - Shot by Taylor Hall.
4:55 of 1st overtime period - Shot Misses the Net.

ShootOut


5:00 of 1st overtime period - Penalty Shot by Alexander Ovechkin for Capitals.
5:00 of 1st overtime period - Stopped by Jonas Hiller.
5:00 of 1st overtime period - Penalty Shot by Jonathan Toews for Canadiens.
5:00 of 1st overtime period - Stopped by Jimmy Howard.
5:00 of 1st overtime period - Penalty Shot by David Desharnais for Capitals.
5:00 of 1st overtime period - Shot Misses the Net.
5:00 of 1st overtime period - Penalty Shot by Logan Couture for Canadiens.
5:00 of 1st overtime period - Shot Misses the Net.
5:00 of 1st overtime period - Penalty Shot by Tomas Fleischmann for Capitals.
5:00 of 1st overtime period - Goal by Tomas Fleischmann.
5:00 of 1st overtime period - Penalty Shot by Jordan Eberle for Canadiens.
5:00 of 1st overtime period - Stopped by Jimmy Howard.


Output by the SimonT Hockey Simulator (STHS) for Stephane Roy -- Original Page W3C XHTML 1.0 Valid
Hockey Simulator - Hockey Simulation - Hockey Manager